 Dungeon Crawl Stone Soup version 0.29.1-1-gd02db6906a (webtiles) character file.

Game seed: 1115047381150079228

373 Acheron the Sneak (level 6, -3/50 HPs)
             Began as a Minotaur Enchanter on Sept 23, 2022.
             Was an Initiate of Nemelex Xobeh.
             Slain by Terence
             ... wielding a +2 mace of protection
              (8 damage)
             ... on level 3 of the Dungeon.
             The game lasted 00:18:21 (4180 turns).

Acheron the Sneak (Minotaur Enchanter)              Turns: 4180, Time: 00:18:22

Health: -3/50      AC:  9    Str: 13    XL:     6   Next: 43%
Magic:  7/7        EV: 13    Int: 12    God:    Nemelex Xobeh [......]
Gold:   134        SH:  0    Dex: 18    Spells: 5/7 levels left

rFire   . . .      SeeInvis .   g - +1 dagger (protect)
rCold   . . .      Faith    .   (no shield)
rNeg    . . .      Spirit   .   b - +0 robe
rPois   .          Reflect  .   (helmet restricted)
rElec   .          Harm     .   (no cloak)
rCorr   .          Rampage  .   (no gloves)
Will    +....                   (no boots)
Stlth   +++.......              (no amulet)
HPRegen 0.16/turn               d - ring of willpower
MPRegen 0.10/turn               u - +6 ring of dexterity

@: under a protective aura
A: horns 2, retaliatory headbutt
a: Renounce Religion, Draw Escape, Draw Destruction, Draw Summoning


You were on level 3 of the Dungeon.
You worshipped Nemelex Xobeh.
Nemelex Xobeh was noncommittal.
You visited 2 branches of the dungeon, and saw 8 of its levels.

You collected 160 gold pieces.
You spent 26 gold pieces at shops.

Inventory:

Hand Weapons
 g - a +1 dagger of protection (weapon)
 j - a +0 rapier
 l - a +0 hand axe
 o - a +0 falchion
Missiles
 m - 5 atropa-tipped darts (quivered)
 v - 3 poisoned darts
Armour
 b - a +0 robe (worn)
Jewellery
 d - a ring of willpower (left hand)
 u - a +6 ring of dexterity (right hand)
Wands
 n - a wand of paralysis (2)
Scrolls
 p - a scroll of fog
 q - a scroll of poison
 r - a scroll of amnesia
 s - a scroll of vulnerability {unknown}
 t - a scroll of fear {unknown}
 w - a scroll of teleportation
Potions
 a - a potion of resistance
 c - 2 potions of invisibility
 e - 2 potions of heal wounds
 f - 6 potions of curing
 h - a potion of haste
 i - 2 potions of lignification {unknown}
 k - a potion of ambrosia {unknown}


   Skills:
 * Level 2.5 Fighting
 * Level 2.8 Short Blades
 * Level 1.2 Throwing
 * Level 3.2 Dodging
 * Level 4.6 Stealth
 + Level 1.4 Spellcasting
 + Level 2.1 Hexes
 * Level 1.1 Evocations


You had 5 spell levels left.
You knew the following spells:

 Your Spells              Type           Power      Damage    Failure   Level
a - Ensorcelled Hibernat  Hex/Ice        6%         N/A       28%         2

Your spell library contained the following spells:

 Spells                   Type           Power      Damage    Failure   Level
 Confusing Touch          Hex            6%         N/A       34%         3
 Tukima's Dance           Hex            6%         N/A       34%         3
 Dazzling Flash           Conj/Hex       6%         N/A       50%         3
 Ignite Poison            Fire/Tmut/Pois 0%         N/A       65%         3
 Mephitic Cloud           Conj/Pois/Air  0%         N/A       65%         3
 Freezing Cloud           Conj/Ice/Air   0%         6-21      100%        5


Dungeon Overview and Level Annotations

Branches:
Dungeon (7/15)             Temple (1/1) D:5

Altars:
Ashenzari
Dithmenos
Hepliaklqana
Kikubaaqudgha
Makhleb
Nemelex Xobeh
Okawaru
Qazlal
Ru
Sif Muna
Trog

Shops:
D:3 *

Annotations:
D:3 Terence
D:7 Maggie, Menkaure


Innate Abilities, Weirdness & Mutations

You have a pair of horns on your head.
You reflexively headbutt those who attack you in melee.


Message History

Something hits you. Something hits you. Something hits you. Something hits you.
You miss something. Something hits you but does no damage.
You barely miss something. Something hits you.
You barely miss something. Something hits you.
You closely miss something. Something barely misses you.
You closely miss something. Something hits you.
* * * LOW HITPOINT WARNING * * *
You hit something.
Your weapon exudes an aura of protection.
You punch something.
Reactivating autopickup.
You feel a bit more experienced.
The kobold hits you with a +2 dagger of freezing.
* * * LOW HITPOINT WARNING * * *
The kobold freezes you.
* * * LOW HITPOINT WARNING * * *
Things that are here:
a +0 short sword; a scroll of teleportation; 5 gold pieces You miss the kobold.
Your headbutt misses the kobold. You punch the kobold.
You kill the kobold!
w - a scroll of teleportation You now have 134 gold pieces (gained 5).
Something hits you.
* * * LOW HITPOINT WARNING * * *
Deactivating autopickup; reactivate with Ctrl-A.
You completely miss something. Something barely misses you.
You hit something but do no damage.
Your weapon exudes an aura of protection.
Something completely misses you.
You closely miss something.
Terence appears from thin air!
Reactivating autopickup.
Terence hits you with a +2 mace of protection.
* * * LOW HITPOINT WARNING * * *
You completely miss Terence. Your headbutt misses Terence.
Terence hits you with a +2 mace of protection!
You die...
Your body disappears without a glow.

...#########.# #.#
......# #.### #.# ...
#.# ##...# #.# #.# #.#
##.###.##.# #.###.#
##.## #.#.#
...##.###)## #..#
.#........# #..#
.(....>...# ##@.#
#####.####.# ##@#.# #.#
#.###.##.## #.####
#...##...### #
#.#...###.##......#
#####...#..##.###...#.#
...###... #.#># ##.##.#
##.......###..# ####.#
..........#.### #.#
######.###.##########.#


You could see Terence.

Vanquished Creatures
  A steam dragon (D:7)
  A water moccasin (D:6)
  2 hounds
  An iguana (D:5)
  5 dart slugs
  9 ball pythons
  5 endoplasms
  4 giant cockroaches
  5 hobgoblins
  7 kobolds
  3 quokkas
  2 bats
  2 frilled lizards
  5 goblins
  3 rats
55 creatures vanquished.

Notes
Turn   | Place    | Note
-------+----------+-------------------------------------------
     0 | D:1      | Acheron the Minotaur Enchanter began the quest for the Orb.
     0 | D:1      | Reached XP level 1. HP: 14/14 MP: 1/1
   546 | D:1      | Reached XP level 2. HP: 15/22 MP: 3/3
   643 | D:1      | Learned a level 2 spell: Ensorcelled Hibernation
   715 | D:2      | Reached skill level 1 in Fighting
  1419 | D:1      | Found a faded altar of an unknown god.
  1435 | D:1      | Reached skill level 3 in Stealth
  1610 | D:1      | Reached XP level 3. HP: 28/28 MP: 4/4
  2721 | D:3      | Found Esaorchee's General Store.
  2733 | D:3      | Bought a scroll of identify for 26 gold pieces
  2883 | D:5      | Entered Level 5 of the Dungeon
  2926 | D:5      | Reached XP level 4. HP: 28/36 MP: 5/5
  2988 | D:5      | Noticed an ogre
  2995 | D:5      | Noticed a scorpion
  2998 | D:6      | Noticed a water moccasin
  3139 | D:7      | Noticed a necrophage
  3145 | D:7      | Noticed Maggie
  3196 | D:7      | Noticed Menkaure
  3196 | D:7      | Noticed a steam dragon
  3217 | D:7      | Killed a steam dragon
  3218 | D:7      | Reached skill level 4 in Stealth
  3218 | D:7      | Reached XP level 5. HP: 28/41 MP: 6/6
  3399 | D:6      | Killed a water moccasin
  3400 | D:6      | Reached skill level 1 in Throwing
  3400 | D:6      | Reached skill level 1 in Evocations
  3400 | D:6      | Reached XP level 6. HP: 36/50 MP: 7/7
  3769 | D:4      | You fall into a shaft and drop 2 floors!
  3798 | D:5      | Found a staircase to the Ecumenical Temple.
  3844 | Temple   | Entered the Ecumenical Temple
  3849 | Temple   | Became a worshipper of Nemelex Xobeh the Trickster
  4129 | D:3      | Noticed Terence
  4180 | D:3      | Slain by Terence

Illustrated notes

Levels and vault maps discovered:
D:1:      lightli_arrival_windingriver, layout_basic,
          shapermc_ecumenical_altar_venn
D:2:      layout_loops_cross
D:3:      layout_loops_ring, serial_shops, shop,
          nicolae_concentric_dashed_squares_wild, uniq_natasha, uniq_terence,
          uniq_sigmund
D:4:      layout_loops_corners, minitemple, cheibrodos_sewer_entry_bend
D:5:      layout_rooms, jmf_multi_god_temple, kennysheep_ying_yang,
          temple_pool_b, enter_ossuary_2
D:6:      layout_basic
D:7:      layout_loops_cross, nicolae_gozag_cash_rules_everything_around_me,
          grunt_ministairs_13, uniq_maggie, uniq_prince_ribbit1, uniq_pikel,
          uniq_menkaure
Temple:   minmay_freezing_vapour_temple

Skill      XL: |  1  2  3  4  5 |
---------------+----------------+-----
Fighting       | 1 2 |  2.5
Stealth        | 3 4 |  4.6
Short Blades   | 2 |  2.8
Dodging        | 3 |  3.2
Throwing       | 1 |  1.2
Evocations     | 1 |  1.1
Spellcasting   | |  1.4
Hexes          | |  2.1

Action                   |  1- 3 |  4- 6 || total
-------------------------+-------+-------++-------
Melee: Dagger            |    99 |    54 ||   153
       Headbutt          |    17 |    12 ||    29
       Short sword       |    10 |       ||    10
       Punch             |       |     3 ||     3
Throw: Dart              |       |     1 ||     1
Evoke: Wand              |       |     3 ||     3
  Use: Scroll            |     8 |     2 ||    10
 Stab: Sleeping          |    12 |     1 ||    13
       Paralysed         |       |     2 ||     2
Armor: Robe              |    20 |    11 ||    31
Dodge: Dodged            |    53 |    27 ||    80
